 Dungeon Crawl Stone Soup version 0.30-a0-272-gf98c3da03f (webtiles) character file.

Game seed: 10220702399091024125

1346 timneilson the Shield-Bearer (level 8, -1/49 HPs)
             Began as a Gargoyle Fighter on Oct 15, 2022.
             Slain by a mummy (9 damage)
             ... in an ossuary.
             The game lasted 00:11:34 (4744 turns).

timneilson the Shield-Bearer (Gargoyle Fighter)     Turns: 4744, Time: 00:11:34

Health: -1/49      AC: 19    Str: 23    XL:     8   Next: 62%
Magic:  8/8        EV:  8    Int:  8    God:
Gold:   204        SH:  6    Dex: 15    Spells: 7/7 levels left

rFire   . . .      SeeInvis .    a - +1 long sword
rCold   . . .      Faith    .    c - +0 buckler
rNeg    + . .      Spirit   .    q - +0 chain mail
rPois   ∞          Reflect  .    e - +0 helmet
rElec   +          Harm     .    s - +0 cloak
rCorr   .          Rampage  .    (no gloves)
Will    +....                    o - +0 pair of boots
Stlth   ..........               (no amulet)
HPRegen 0.28/turn                k - +6 ring of dexterity
MPRegen 0.11/turn                j - ring of willpower

@: marked
A: sickness immunity, AC +5, negative energy resistance 1, electricity
resistance, torment resistance 1, petrification resistance
a: no special abilities


You were in an ossuary.
You visited 1 branch of the dungeon, and saw 6 of its levels.
You also visited: Ossuary.

You collected 204 gold pieces.

Inventory:

Hand Weapons
 a - a +1 long sword (weapon)
Armour
 c - a +0 buckler (worn)
 e - a +0 helmet (worn)
 o - a +0 pair of boots (worn)
 q - a +0 chain mail (worn)
 s - a +0 cloak (worn)
Jewellery
 j - a ring of willpower (right hand)
 k - a +6 ring of dexterity (left hand)
Wands
 r - a wand of flame (13)
 w - a wand of roots (9)
Scrolls
 f - a scroll of blinking
 u - a scroll of amnesia
 v - a scroll of magic mapping
Potions
 b - a potion of lignification {unknown}
 g - a potion of ambrosia {unknown}
 h - a potion of attraction {unknown}
 i - a potion of brilliance {unknown}
 l - 4 potions of resistance
 m - 2 potions of flight
 p - a potion of degeneration {unknown}
 t - a potion of mutation {unknown}


   Skills:
 + Level 5.0 Fighting
 * Level 4.9 Long Blades
 * Level 6.2 Armour
 + Level 2.4 Dodging
 * Level 6.3 Shields
 + Level 2.0 Evocations


You had 7 spell levels left.
You didn't know any spells.
Your spell library contained the following spells:

 Spells                   Type           Power      Damage    Failure   Level
 Shock                    Conj/Air       0%         1d3       98%         1
 Ignite Poison            Fire/Tmut/Pois 0%         N/A       100%        3
 Swiftness                Air            0%         N/A       100%        3
 Vampiric Draining        Necr           0%         2d6       100%        3
 Airstrike                Air            0%         2d(0-16)  100%        4
 Sticky Flame             Conj/Fire      0%         2d3       100%        4
 Agony                    Necr           0%         N/A       100%        5
 Haunt                    Necr/Summ      0%         N/A       100%        7
 Ignition                 Fire           0%         3d3       100%        8
 Cigotuvi's Dreadful Rot  Necr/Pois/Air  Unusable   N/A       N/A         2

Dungeon Overview and Level Annotations

Branches:
Dungeon (6/15)             Temple (0/1) D:6         Ossuary (1/1)

Altars:

Shops:
D:3 :

Annotations:
D:6 Dowan


Innate Abilities, Weirdness & Mutations

You are immune to sickness and miasma.
Your stone body is resilient. (AC +5)
You are immune to poison.
You resist negative energy. (rN+)
You are resistant to electric shocks. (rElec)
You are resistant to unholy torment.
You are immune to petrification.


Message History

The alarm trap emits a blaring wail!
The mark upon you grows brighter.
You slash the hobgoblin zombie!
You destroy the hobgoblin zombie!
The centaur zombie hits you. The centaur zombie barely misses you.
You slice the centaur zombie!!
The centaur zombie is almost destroyed.
You feel a little less mighty now.
The centaur zombie hits you but does no damage.
The centaur zombie kicks you. The centaur zombie misses you.
The centaur zombie kicks you but does no damage.
You hit the centaur zombie.
You destroy the centaur zombie!
Your Evocations skill increases to level 2! 3 mummies come into view.
The mummy pulls the alarm!
The alarm trap emits a blaring wail!
The mark upon you grows brighter.
You slash the mummy!
The mummy is heavily damaged.
You slash the mummy!
The mummy is almost destroyed.
The mummy hits you but does no damage. You block the mummy's attack.
The mummy hits you but does no damage.
You barely miss the mummy.
The mummy is almost destroyed.
You block the mummy's attack. The mummy hits you!
* * * LOW HITPOINT WARNING * * *
The mummy barely misses you.
You completely miss the mummy.
The mummy is almost destroyed.
You block the mummy's attack.
Unknown command.
You hit the mummy.
You destroy the mummy!
You block the mummy's attack.
You hit the mummy.
The mummy is lightly damaged.
The mummy hits you!
You die...

#.....#
#..∩..#
#.....#
#^....#
##.....##
#....^..#
##^^..^##
#.....^.#
##..@.^##
#..M.M..#
##.....##
#.....^.#
##.....##
.^..^..
##^....##
.......


You could see 2 mummies.

Vanquished Creatures
  Eustachio (D:5)
  A steam dragon (D:5)
  Duvessa (D:6)
  A black bear (D:3)
  A centaur (D:5)
  A necrophage (D:5)
  A scorpion (D:5)
  5 centaur zombies (Ossuary)
  Crazy Yiuf (D:5)
  2 jellies
  An orc priest (D:5)
  4 hounds
  3 orc wizards (D:5)
  5 mummies
  Robin (D:2)
  3 adders
  2 dart slugs (D:1)
  11 orcs
  6 endoplasms
  8 giant cockroaches
  16 goblins
  9 hobgoblins
  7 jackals
  2 quokkas
  8 ball pythons
  6 bats
  4 frilled lizards (D:1)
  3 hobgoblin zombies (Ossuary)
  9 kobolds
  4 rats
127 creatures vanquished.

Notes
Turn   | Place    | Note
-------+----------+-------------------------------------------
     0 | D:1      | timneilson the Gargoyle Fighter began the quest for the
                  | Orb.
     0 | D:1      | Reached XP level 1. HP: 14/14 MP: 1/1
   135 | D:1      | Reached XP level 2. HP: 18/19 MP: 2/2
   198 | D:1      | Found a faded altar of an unknown god.
   457 | D:1      | Reached XP level 3. HP: 17/23 MP: 3/3
  1146 | D:2      | Noticed Robin
  1209 | D:2      | Reached XP level 4. HP: 22/28 MP: 4/4
  1217 | D:2      | Killed Robin
  2159 | D:3      | Noticed a black bear
  2166 | D:3      | Killed a black bear
  2167 | D:3      | Reached skill level 1 in Dodging
  2167 | D:3      | Reached XP level 5. HP: 33/33 MP: 5/5
  2438 | D:3      | Found Uderch's Book Shop.
  2457 | D:3      | Got the Parchment of Iniquitous Rituals
  2786 | D:4      | Reached XP level 6. HP: 27/38 MP: 6/6
  3542 | D:5      | Entered Level 5 of the Dungeon
  3618 | D:5      | Noticed Eustachio
  3642 | D:5      | Killed Eustachio
  3643 | D:5      | Reached skill level 5 in Shields
  3643 | D:5      | Reached XP level 7. HP: 35/43 MP: 7/7
  3731 | D:5      | Noticed a steam dragon
  3760 | D:5      | Reached skill level 5 in Armour
  3862 | D:5      | Killed a steam dragon
  3878 | D:5      | Found a runed translucent door.
  3879 | D:5      | Noticed Crazy Yiuf
  3886 | D:5      | Killed Crazy Yiuf
  3946 | D:5      | Reached skill level 1 in Evocations
  4138 | D:5      | Reached XP level 8. HP: 48/48 MP: 8/8
  4640 | D:6      | Noticed Dowan
  4640 | D:6      | Noticed Duvessa
  4654 | D:6      | Found a sand-covered staircase.
  4675 | D:6      | Killed Duvessa
  4683 | Ossuary  | Entered an ossuary
  4703 | Ossuary  | Reached skill level 5 in Fighting
  4744 | Ossuary  | Slain by a mummy

Illustrated notes

Levels and vault maps discovered:
D:1:      amcnicky_arrival_flooded_fountain, layout_basic,
          ebering_ecumenical_altar_petrified
D:2:      layout_basic, kennysheep_generic_room_11, uniq_robin
D:3:      layout_rooms, serial_glass, glass_columns_b, glass_columns_c,
          glass_columns_c, glass_columns_c, glass_columns_a, glass_columns_c,
          serial_shops, nicolae_shop_crystal, amcnicky_mini_corridor_feature
D:4:      layout_loops_corners
D:5:      layout_basic, uniq_crazy_yiuf_cottage, uniq_eustachio
D:6:      layout_basic, minmay_temple_entry_overgrown,
          gammafunk_ghost_abyssal_escape, cheibrodos_sewer_entry_bend,
          nicolae_ossuary_entry_giza, uniq_duvessa
Ossuary:  ossuary_the_hunt_dpeg

Skill      XL: |  1  2  3  4  5  6  7  8 |
---------------+-------------------------+-----
Long Blades    | 2 3 4 |  4.9
Shields        | 4 5 6 |  6.3
Armour         | 4 5 6 |  6.2
Dodging        | 1 2 |  2.4
Fighting       | 4 5 |  5.0
Evocations     | 1 2 |  2.0

Action                   |  1- 3 |  4- 6 |  7- 9 || total
-------------------------+-------+-------+-------++-------
Melee: Long sword        |   156 |   151 |   157 ||   464
  Use: Scroll            |     3 |    11 |     3 ||    17
       Potion            |     1 |     2 |     5 ||     8
Armor: Scale mail        |    93 |    30 |       ||   123
       Chain mail        |       |    93 |   126 ||   219
Dodge: Dodged            |    96 |   106 |    80 ||   282
Block: Buckler           |    36 |    63 |    52 ||   151

Table legend: (Time is in decaauts)
 A = Elapsed time spent in this place.
 B = Non-inter-level travel time spent in this place.
 C = Inter-level travel time spent in this place.
 D = Time resting spent in this place.
 E = Time spent auto-exploring this place.
 F = Levels seen in this place.
 G = Mean time per level.
                   A        B        C        D        E       F      G
               +--------+--------+--------+--------+--------+-----+--------+
         Total |   4871 |   4759 |    112 |     85 |   3387 |   7 |  695.9 |
       Dungeon |   4804 |   4692 |    112 |     85 |   3387 |   6 |  800.7 |
       Ossuary |     66 |     66 |      0 |      0 |      0 |   1 |   66.0 |
               +--------+--------+--------+--------+--------+-----+--------+

Top non-repeatable levels by time:
     D:2: 1147 daAuts
     D:5: 1056 daAuts
     D:4: 967 daAuts
     D:1: 888 daAuts
     D:3: 677 daAuts
     D:6: 67 daAuts
 Ossuary: 66 daAuts
